 Dungeon Crawl Stone Soup version 0.31-a0-180-g519b7de00c (webtiles) character file.

Game seed: 9622570310031048874

21 Bondsong the Ruffian (level 2, -1/24 HPs)
             Began as a Ghoul Gladiator on June 20, 2023.
             Slain by an adder (2 damage)
             ... on level 2 of the Dungeon.
             The game lasted 00:01:19 (763 turns).

Bondsong the Ruffian (Ghoul Gladiator)               Turns: 763, Time: 00:01:20

Health: -1/24      AC:  4    Str: 17    XL:     2   Next: 83%
Magic:  1/1        EV: 12    Int:  3    God:
Gold:   78         SH:  0    Dex: 10    Spells: 1/1 levels left

rFire   . .          .
                       - Unarmed
rCold   + . .        (no shield)
rNeg    + + +        a - +0 leather armour
rPois   ∞            b - +0 helmet
rElec   .            (no cloak)
rCorr   .            (no gloves)
SInv    .            (no boots)
Will    .....        (no amulet)
Stlth   +            (no ring)
HPRegen 0.00/turn    (no ring)
MPRegen 0.07/turn

%: no passive effects
@: inhibited regen
A: claws 1, cold resistance 1, negative energy resistance 3, inhibited
regeneration, torment resistance 2, devour on kill
a: no special abilities


You were on level 2 of the Dungeon.
You visited 1 branch of the dungeon, and saw 2 of its levels.

You collected 78 gold pieces.

Inventory:

Missiles
 c - 3 throwing nets (quivered)
 d - a javelin
Armour
 a - a +0 leather armour (worn)
 b - a +0 helmet (worn)
Scrolls
 h - a scroll of teleportation {unknown}
 j - a scroll of fear {unknown}
Potions
 e - a potion of might {unknown}
 f - a potion of attraction {unknown}
 g - a potion of curing {unknown}
 i - a potion of heal wounds {unknown}


   Skills:
 + Level 2.1 Fighting
 + Level 1.7 Throwing
 + Level 0.2 Armour
 + Level 3.2 Dodging
 + Level 3.8 Unarmed Combat


You had one spell level left.
You didn't know any spells.
Your spell library was empty.

Dungeon Overview and Level Annotations

Branches:
Dungeon (2/15)

Altars:


Innate Abilities, Weirdness & Mutations

You are immune to poison.
You have sharp fingernails.
Your flesh is cold resistant. (rC+)
You are immune to negative energy. (rN+++)
You do not regenerate when monsters are visible.
You are immune to unholy pain and torment.
You thrive by killing the living.


Message History

The adder bites you.
You miss the adder.
The adder is lightly wounded.
The adder bites you but does no damage. The adder barely misses you.
You closely miss the adder.
The adder is lightly wounded.
The adder closely misses you. The adder bites you but does no damage.
You closely miss the adder.
The adder is lightly wounded.
The adder bites you but does no damage. x2
You barely miss the adder. The adder bites you. x2
You closely miss the adder. The adder barely misses you.
The adder bites you but does no damage.
You barely miss the adder. Your claw misses the adder. The adder bites you.
The adder bites you but does no damage. The adder barely misses you.
You scratch the adder.
The adder is lightly wounded.
The adder bites you. x2; The adder bites you but does no damage.
You miss the adder.
The adder is lightly wounded.
The adder closely misses you. The adder bites you but does no damage.
You closely miss the adder.
The adder is lightly wounded.
The adder closely misses you. The adder bites you but does no damage.
You closely miss the adder.
The adder is lightly wounded.
The adder bites you but does no damage. The adder barely misses you.
You scratch the adder.
The adder is severely wounded.
The adder closely misses you. The adder bites you. x2
* * * LOW HITPOINT WARNING * * *
The adder misses you. The adder bites you.
* * * LOW HITPOINT WARNING * * *
The adder attacks as you move away! The adder bites you but does no damage.
The adder attacks as you move away! The adder bites you.
* * * LOW HITPOINT WARNING * * *
The adder attacks as you move away! The adder bites you but does no damage.
The adder attacks as you move away! The adder barely misses you.
The adder bites you.
You die...

# .# .#. #.. #.# # #
#.# .##.##
######.##....S.
####............#
#.......S..####.##
####...@S.K.......
###.........#......
##...#..†....#.##.##
#<####.......# # #
##.####..........
#........######.#
##.####### .# #.# #
#..


You could see 2 adders and a kobold.

Vanquished Creatures
  4 endoplasms
  A giant cockroach (D:1)
  3 goblins (D:1)
  A hobgoblin (D:1)
  A kobold (D:1)
  4 ball pythons (D:1)
  2 bats (D:1)
  4 rats
20 creatures vanquished.

Notes
Turn   | Place    | Note
-------+----------+-------------------------------------------
     0 | D:1      | Bondsong the Ghoul Gladiator began the quest for the Orb.
     0 | D:1      | Reached XP level 1. HP: 17/17 MP: 0/0
   223 | D:1      | Reached XP level 2. HP: 24/24 MP: 1/1
   762 | D:2      | HP: 1/24 [adder (2)]
   763 | D:2      | Slain by an adder

Illustrated notes

Levels and vault maps discovered:
D:1:      mrwooster_arrival_statue_2, layout_loops_ring, minmay_curled_crystal,
          dk_noncrumbling_2
D:2:      minmay_skewed_foursquare, layout_loops_cross, uniq_terence

Skill      XL: |  1 |
---------------+----+-----
Dodging        | 3 |  3.2
Fighting       | |  2.1
Throwing       | |  1.7
Armour         | |  0.2
Unarmed Combat | |  3.8

Action                     || total
---------------------------++-------
  Melee: Unarmed           ||    55
         Punch             ||     1
 Armour: Leather armour    ||    27
  Dodge: Dodged            ||    33

Table legend: (Time is in decaauts)
 A = Elapsed time spent in this place.
 B = Non-inter-level travel time spent in this place.
 C = Inter-level travel time spent in this place.
 D = Time resting spent in this place.
 E = Time spent auto-exploring this place.
 F = Levels seen in this place.
 G = Mean time per level.
                   A        B        C        D        E       F      G
               +--------+--------+--------+--------+--------+-----+--------+
         Total |    759 |    759 |      0 |      0 |    547 |   2 |  379.5 |
       Dungeon |    759 |    759 |      0 |      0 |    547 |   2 |  379.5 |
               +--------+--------+--------+--------+--------+-----+--------+

Top non-repeatable levels by time:
     D:1: 715 daAuts
     D:2: 43 daAuts
